AoeStats
← 我说狂阿七比肥龙强,B站关注狂阿七谢谢喵

Arena

510712841Analyzed
3v3 RM · 16h ago on Oct 2, 2026· 35m 27s· 6 players
Game mode
Random Map
Map size
Normal (6 player)
Population
200
Speed
Normal
Resources
Standard
Victory
Conquest
Starting age
Dark Age
Ending age
Imperial Age
RankedLock teamsTeams togetherTeam positionsShared explorationLock speedFull tech treeHidden civsTurbo modeCheats
Victory
Defeat
🇨🇳 Malay · China
1062
+15
979
+19
🇹🇼 Teutons · Taiwan
1064
-17
🇹🇼 Saxons · Taiwan
1051
-16
🇹🇼 Persians · Taiwan
1016
-15
洗心革面重新做人TownYan
10:56 Feudal Age
11:47 Double-Bit Axe
14:53 Castle Age
13:33 Loom
14:42 Gold Mining
25:16 Horse Collar
27:34 Wheelbarrow
30:24 Stone Mining
31:43 Hand Cart
32:39 Gold Shaft Mining
32:38 Bow Saw
32:28 Heavy Plow
37:25 Imperial Age
34:41 Town Watch
35:52 Scale Barding Armor
35:58 Forging
从不压堡之人
12:04 Feudal Age
11:33 Loom
12:11 Man-at-Arms
16:40 Castle Age
17:59 Long Swordsman
22:42 Arson
25:00 Forging
26:03 Squires
26:36 Horse Collar
26:43 Double-Bit Axe
27:19 Town Watch
28:56 Wheelbarrow
29:54 Iron Casting
29:30 Pikeman
30:59 Bow Saw
34:04 Hand Cart
35:02 Heavy Plow
我说狂阿七比肥龙强,B站关注狂阿七谢谢喵
9:57 Feudal Age
10:46 Double-Bit Axe
13:36 Castle Age
12:04 Horse Collar
15:21 Bow Saw
24:00 Gold Mining
24:48 Wheelbarrow
25:47 Hand Cart
29:04 Imperial Age
26:34 Stone Mining
27:22 Gold Shaft Mining
26:53 Heavy Plow
27:09 Scale Mail Armor
27:21 Squires
27:33 Loom
27:34 Town Watch
28:42 Chain Mail Armor
28:37 Forging
28:13 Gambesons
28:14 Arson
30:07 Conscription
29:14 Shield Wall
29:18 Capped Ram
30:31 Plate Mail Armor
31:03 Chemistry
30:23 Ballistics
29:58 Treadmill Crane
31:22 Chemistry
30:42 Ballistics
31:01 Iron Casting
30:16 Fletching
30:06 Elite Hearth Troop
31:57 Two-Man Saw
32:33 Town Patrol
33:49 Bodkin Arrow
34:46 Bracer
35:24 Siege Ram
sky2551230
7:35 Loom
9:20 Feudal Age
15:30 Castle Age
13:29 Double-Bit Axe
13:38 Gold Mining
13:48 Horse Collar
17:48 Scale Barding Armor
25:06 Husbandry
26:58 Wheelbarrow
27:03 Gold Shaft Mining
26:41 Bow Saw
27:13 Stone Mining
27:59 Bloodlines
28:11 Chain Barding Armor
28:49 Forging
29:20 Hand Cart
台北順起來
6:51 Loom
9:22 Feudal Age
10:20 Double-Bit Axe
11:38 Man-at-Arms
13:33 Fletching
16:36 Arson
18:23 Horse Collar
22:05 Wheelbarrow
24:31 Castle Age
窒息式毒奶大王
6:46 Loom
9:40 Feudal Age
11:43 Town Watch
13:21 Fletching
26:46 Castle Age
26:04 Scale Barding Armor
26:09 Forging
25:43 Horse Collar
25:50 Double-Bit Axe
26:01 Stone Mining
26:03 Gold Mining
26:59 Bloodlines
28:44 Chain Barding Armor
28:25 Bodkin Arrow
28:52 Bow Saw
30:40 Wheelbarrow
34:09 Iron Casting
33:54 Chain Barding Armor
35:01 Scale Mail Armor
35:22 Squires
Connection lost

Rejoining the realm…

Still unreachable

The connection could not be restored.

Session expired

The server has moved on; the page needs a fresh start.